 Dungeon Crawl Stone Soup version 0.16.0-11-gd45b091 (webtiles) character file.

445 Chiseanne the Magician (level 6, 0/35 HPs)
             Began as a Deep Elf Warper on Mar 17, 2015.
             Was a Follower of Okawaru.
             Killed by nerve-wracking pain
             ... invoked by an orc priest
              (12 damage)
             ... on level 4 of the Dungeon.
             The game lasted 00:16:21 (3998 turns).

Chiseanne the Magician (Deep Elf Warper)            Turns: 3998, Time: 00:16:22

Health: 0/35       AC: 12    Str:  9    XL:     6   Next: 72%
Magic:  21/21      EV: 12    Int: 18    God:    Okawaru [*.....]
Gold:   165        SH:  0    Dex: 15    Spells: 5 memorised, 3 levels left

rFire  . . .     SeeInvis .     a - +3 dagger (venom)
rCold  . . .     Clarity  .     C - +3 ring mail
rNeg   + . .     SustAb   .     (no shield)
rPois  .         Gourm    .     (no helmet)
rElec  .         Spirit   .     (no cloak)
rCorr  .         Warding  .     x - +2 pair of gloves
rMut   .         Stasis   .     v - +0 pair of boots
MR     .....                    (no amulet)
Stlth  +.........               (no ring)
                                j - ring of positive energy

@: very slightly contaminated, not resistant to hostile enchantments, very
unstealthy
A: no striking features
a: Heroism, Renounce Religion


You were on level 4 of the Dungeon.
You worshipped Okawaru.
Okawaru was aware of your devotion.
You were not hungry.

You visited 1 branch of the dungeon, and saw 4 of its levels.

You collected 165 gold pieces.

Inventory:

Hand weapons
 a - a +3 dagger of venom (weapon)
 s - a +2 flail of crushing
 w - a +2 longbow of evasion
Missiles
 b - 14 poisoned needles
 e - 13 arrows of frost
 h - 44 arrows
 i - 57 stones
 n - 3 tomahawks of dispersal (quivered)
 t - 15 bolts
 A - a throwing net
Armour
 v - a +0 pair of boots (worn)
 x - a +2 pair of gloves (worn)
 C - a +3 ring mail (worn)
Jewellery
 j - a ring of positive energy (left hand)
Scrolls
 l - a scroll of remove curse
 z - 2 scrolls of teleportation
Potions
 m - a potion of curing
 o - a potion of mutation
 p - a potion of might
 q - a potion of cure mutation {unknown}
 r - a potion of agility {unknown}
 B - a potion of poison {unknown}
Books
 c - a book of Spatial Translocations

   Spells                             Type                      Level
   a - Apportation                    Translocation                1
   b - Blink                          Translocation                2
   c - Shroud of Golubria             Charms/Translocation         2
   d - Portal Projectile              Translocation                3
   e - Teleport Other                 Translocation                3
   f - Passage of Golubria            Translocation                4
 y - a book of Spatial Translocations

   Spells                             Type                      Level
   a - Apportation                    Translocation                1
   b - Blink                          Translocation                2
   c - Shroud of Golubria             Charms/Translocation         2
   d - Portal Projectile              Translocation                3
   e - Teleport Other                 Translocation                3
   f - Passage of Golubria            Translocation                4
Comestibles
 f - 4 bread rations
 g - a slice of pizza
 k - 4 meat rations
 u - 5 fruits


   Skills:
 - Level 2.2 Fighting
   Level 1.5 Axes
 * Level 3.3 Bows
 - Level 1.1 Throwing
 - Level 0.7 Armour
 * Level 4.2 Dodging
 * Level 5.4 Spellcasting
 * Level 5.1 Translocations


You had 3 spell levels left.
You knew the following spells:

 Your Spells              Type           Power        Failure   Level  Hunger
a - Apportation           Tloc           ###.......   4%          1    None
b - Blink                 Tloc           N/A          8%          2    #......
c - Shroud of Golubria    Chrm/Tloc      ##........   21%         2    #......
d - Teleport Other        Tloc           ###.....     14%         3    ##.....
e - Passage of Golubria   Tloc           N/A          41%         4    ####...


Dungeon Overview and Level Annotations

Branches:
Dungeon (4/15)
 Temple: D:4-7

Altars:
Cheibriados
Gozag
Okawaru

Annotations:
D:4 MixedWithMadness' ghost, average HEHu


Message History

Found a short sword.
The orc priest hits you but does no damage.
Wield which item (- for none, * to show all)? (? for menu, Esc to quit)
You feel like more of a target.
It begins to drip with poison!
a - a +3 dagger of venom (weapon)
You hit the orc priest but do no damage.
The orc priest is poisoned.
The orc priest barely misses you.
You hit the orc priest but do no damage.
The orc priest looks even sicker.
The orc priest is lightly wounded.
The orc priest hits you but does no damage.
Read which item? (? for menu, Esc to quit)
Blink to where?
Press: ? - help, Dir - move target cursor
As you read the scroll of blinking, it crumbles to dust.
Your ring mail prevents you from hitting the orc priest.
The orc priest is heavily wounded.
The orc priest mumbles some strange prayers to Beogh against you.
Pain shoots through your body!
You die...

.###...#.# #.#.# .
#...#.# #.#g#
#...#.#######.#.#
#...#......##.#.#
#........#.##.#.#
#..#####.#.##)#o#
#..#...#.#.##.#.#
#..#.#)#.#.##.#.#
##.#..#.#.....##@#.#
...#..#.#.#.####o#.#
...#..#.###.####ยง#.#
..##..#..........#.#
..##..#.###o######.#
..##..#.# #........#
####..#.# ##########
####..#.# ......#.#


You could see an orc priest.

Vanquished Creatures
  An ogre (D:4)
  A giant frog (D:3)
  An orc priest (D:3)
  4 orc wizards (D:4)
  A worker ant (D:3)
  2 adders
  3 giant mites
  An adder skeleton (D:4)
  An ooze (D:1)
  3 giant geckos
  11 orcs
  7 bats
  3 giant cockroaches
  6 goblins
  12 hobgoblins
  18 kobolds
  3 quokkas
  A giant gecko skeleton (D:4)
  4 giant newts
  10 rats
93 creatures vanquished.

Notes
Turn   | Place    | Note
--------------------------------------------------------------
     0 | D:1      | Chiseanne, the Deep Elf Warper, began the quest for the Orb.
     0 | D:1      | Reached XP level 1. HP: 12/12 MP: 5/5
   302 | D:1      | Reached XP level 2. HP: 13/16 MP: 8/8
   306 | D:1      | Learned a level 2 spell: Blink
   309 | D:1      | Learned a level 2 spell: Shroud of Golubria
  1280 | D:2      | Reached XP level 3. HP: 17/21 MP: 4/11
  1549 | D:2      | Reached skill level 4 in Translocations
  1560 | D:2      | Learned a level 3 spell: Teleport Other
  1616 | D:2      | Found a snail-covered altar of Cheibriados.
  1616 | D:2      | Found an iron altar of Okawaru.
  2224 | D:2      | Became a worshipper of Warmaster Okawaru
  2285 | D:3      | Reached XP level 4. HP: 26/26 MP: 11/15
  2455 | D:3      | Noticed a giant frog
  2465 | D:3      | Killed a giant frog
  2465 | D:3      | Reached skill level 1 in Bows
  2465 | D:3      | Reached XP level 5. HP: 25/30 MP: 14/18
  2968 | D:4      | Noticed MixedWithMadness' ghost (average HEHu)
  3440 | D:4      | Learned a level 4 spell: Passage of Golubria
  3471 | D:4      | Noticed an ogre
  3478 | D:4      | Killed an ogre
  3478 | D:4      | Reached skill level 5 in Spellcasting
  3478 | D:4      | Reached XP level 6. HP: 35/35 MP: 19/21
  3482 | D:4      | Found an opulent altar of Gozag.
  3567 | D:4      | Acquired Okawaru's first power
  3567 | D:4      | Reached skill level 5 in Translocations
  3998 | D:4      | Killed from afar by an orc priest

Action                   |  1- 3 |  4- 6 || total
-------------------------+-------+-------++-------
Melee: Hand axe          |    49 |       ||    49
       Dagger            |    38 |    71 ||   109
 Fire: Longbow           |    15 |    60 ||    75
Throw: Tomahawk          |     2 |       ||     2
 Cast: Apportation       |    15 |    18 ||    33
       Shroud of Golubri |    10 |     4 ||    14
Invok: Heroism           |       |     1 ||     1
  Use: Scroll            |     7 |     3 ||    10
       Potion            |       |     4 ||     4
 Stab: Sleeping          |       |     1 ||     1
  Eat: Chunk             |     5 |     5 ||    10
